[Event "5th Baskent University Open 2022"]
[Site "Ankara"]
[Date "2022.07.06"]
[Round "7.19"]
[White "Cevizci, Yusuf Baran"]
[Black "Primbetov, Marat"]
[Result "0-1"]
[ECO "B22"]
[WhiteElo "2144"]
[BlackElo "2186"]
[Annotator "TA"]
[PlyCount "112"]
[EventDate "2022.07.02"]
[EventType "swiss"]
[EventCountry "TUR"]
[SourceTitle "playchess.com"]
[Source "ChessBase"]
[SourceQuality "1"]
[TimeControl "5400+30"]

1. e4 c5 2. c3 Nf6 3. e5 Nd5 4. Nf3 Nc6 5. d4 cxd4 6. cxd4 d6 7. Bc4 Nb6 {[%emt 0:09:30] 7...dxe5 is the hot move.} 8. Bb5 d5 9. a4 {[%emt 0:00:30][%cal Ba2a4,Ba4a5][%mdl 32] [#] B22: Sicilian: 2 c3.} e6 $146 ({Predecessor:} 9... Bf5 10. a5 Nd7 11. a6 Qb6 12. axb7 Qxb7 13. Qa4 Rc8 14. Ba6 Qb4+ 15. Nc3 Qxa4 16. Rxa4 Rb8 {1-0 (33) Mammadov,Z (2417)-Koc,P (2346) Chess.com INT 2020}) 10. a5 Nd7 11. a6 {[%emt 0:00:00] White has an edge.} Qb6 12. Qa4 Ncb8 (12... Bb4+ 13. Bd2 Bxd2+ 14. Nbxd2 $14) 13. O-O Nxa6 $2 (13... bxa6 $11 14. Bd3 Nc6) 14. Bd2 $1 $18 Nc7 15. Bd3 {[%emt 0:00:30][%mdl 1024] White has strong compensation.} Qc6 16. Qb3 Qb6 (16... Nb8 $1 $14) 17. Qa2 (17. Qc2 $1 $16 {Threatens to win with Rc1.} Qc6 18. Nc3) 17... Bb4 18. Nc3 $1 O-O (18... a5 $16 {might work better.}) 19. Rfc1 $1 {[%emt 0:01:30] Hoping for Na4.} Na6 20. Qb1 (20. Qb3 $1 $18 {is more deadly.}) 20... f5 $16 21. Ng5 Ndb8 {[%emt 0:01:30] [#]} (21... Bxc3 $142 22. Bxc3 (22. bxc3 Qxb1 23. Rcxb1 Nb6 $14) (22. Rxc3 h6 $16) 22... Re8) 22. Bxf5 $1 Rxf5 $11 (22... exf5 $2 23. Nxd5 Qg6 24. Bxb4 Qxg5 25. Bxf8 $18) 23. Nxd5 $1 {[%emt 0:00:00] Threatening mate with Qxf5.} Qd8 24. Nxb4 Nxb4 25. Bxb4 (25. g4 Rxg5 26. Bxg5 Qe8 $17) 25... Nc6 $36 {[%emt 0:02:30][%mdl 2048] Inhibits Ba5. Black fights for an advantage.} (25... Rxg5 26. Be7 $1 Rxg2+ 27. Kxg2 Qd5+ 28. f3 $16) 26. Bd2 (26. Rxc6 $1 $11 bxc6 27. Nf3) 26... Rxg5 $17 27. Bxg5 Qxg5 28. Qe4 Qd8 29. Rd1 (29. Ra3 $17) 29... Ne7 $19 30. Ra3 Qd5 31. Qg4 {[%emt 0:01:30] [#]} Bd7 $1 32. Rc1 Bc6 33. Rc5 Qd7 34. b4 (34. Rg3 Ng6 35. Ra5 b6) 34... b6 35. Rc1 Nf5 {[%emt 0:00:18] Prevents Rg3.} (35... Nd5 $19 {and Black stays clearly on top.} 36. Rg3 Bb5) 36. Rac3 $17 Rc8 (36... Nxd4 $2 37. Rd1 $18) (36... Bb7 $17 37. h3 (37. Rc7 Rc8 $17) 37... Qe8) 37. h3 (37. b5 $1 $11 {remains equal.} Bb7 38. Rxc8+ Bxc8 39. d5 exd5 40. h3) 37... Bb7 ({But not} 37... Nxd4 38. Rd3 Bxg2 39. Rxc8+ Qxc8 40. Kxg2 $16 (40. Qxg2 Ne2+ 41. Kh2 Nf4 $17) (40. Rxd4 Bd5 $14)) (37... Ne7 $17 {White must now prevent ...Nd5.} 38. b5 Bd5) 38. Rxc8+ $11 Bxc8 39. d5 $1 exd5 40. Qf4 (40. b5 $1 $11) 40... h6 $17 41. g4 ({White should try} 41. b5) 41... Ne7 42. Rc3 (42. b5 $17) 42... Qe6 $2 ({Black should play} 42... Ba6 $19 {aiming for ...Bc4.} 43. Rf3 Ng6) 43. b5 Bd7 44. Qg3 $2 (44. Rc7 $15) 44... Bxb5 $19 {[%emt 0:01:18] ...d4 is the strong threat. Black is clearly winning.} 45. f4 (45. Rc7 $142 a6 46. h4) 45... d4 46. Rc2 d3 47. Rd2 Qc4 {[%emt 0:00:28] ( -> ...Qc1+)} 48. Kh2 Qc1 49. Qf2 Qc5 50. Qg3 Ng6 {[%emt 0:00:30] Strongly threatening ...Qb4.} 51. e6 Qb4 52. Qe3 Qxf4+ 53. Qxf4 Nxf4 54. e7 Kf7 55. Kg3 Nd5 56. Rb2 a6 {[%emt 0:00:35] A wild game.  Weighted Error Value: White=0.68/Black=0.46} 0-1

[Event "5th Baskent University Open 2022"]
[Site "Ankara"]
[Date "2022.07.06"]
[Round "7.21"]
[White "Metin, Enis"]
[Black "Turkmen, Ataberk"]
[Result "1-0"]
[ECO "E46"]
[WhiteElo "1750"]
[BlackElo "1935"]
[Annotator "TA"]
[PlyCount "183"]
[EventDate "2022.07.02"]
[EventType "swiss"]
[EventCountry "TUR"]
[SourceTitle "playchess.com"]
[Source "ChessBase"]
[SourceQuality "1"]
[TimeControl "5400+30"]

1. d4 Nf6 2. c4 e6 3. Nc3 Bb4 4. e3 O-O 5. Nge2 d5 6. a3 Be7 7. cxd5 exd5 8. Nf4 b6 {[%emt 0:04:30] E46: Nimzo-Indian: Rubinstein: 4 e3 0-0 5 Ne2 without early Bd3.} 9. Be2 Bb7 10. O-O Re8 {[%emt 0:13:30] The position is equal.} 11. Bf3 Bf8 {[%emt 0:01:30] [#]} 12. Qc2 $146 ({Predecessor:} 12. Bd2 Ne4 13. Qc2 Nxd2 14. Qxd2 c6 15. Rac1 Nd7 16. Nd3 Nf6 17. Ne5 Bd6 18. Nd3 {0-1 (52) Fraggoulis,E-Azis Azizis,E (2022) Ermioni Argolidas 2006}) 12... a6 13. Bd2 Qd6 14. Qb3 Rd8 $1 15. Na4 Nc6 16. Rac1 $36 {[%emt 0:02:30][%mdl 2048] White fights for an advantage.} Qd7 17. g3 Ne4 18. Rfd1 Nxd2 19. Rxd2 Na5 20. Qc2 Rac8 21. Qd1 (21. Rdd1 $14) 21... Nc6 $2 (21... Rb8 $11) 22. Nxd5 {[%emt 0:00:30] aiming for Rdc2.} Na5 {[%emt 0:00:10] [#]} 23. e4 {[%emt 0:00:30] White is much more active.} (23. Nac3 $142 $1) 23... Bxd5 $16 24. exd5 Bd6 (24... Nb7 $16 {is a better defense.}) 25. b4 $18 Nb7 {[%emt 0:00:04] [#]} 26. Nc5 $1 bxc5 27. dxc5 Nxc5 (27... Ra8 $142 28. Bg4 (28. cxd6 Nxd6 29. Rdc2 Qa4 $18) 28... Qe7) 28. bxc5 Bf8 29. Bg4 f5 30. Be2 Kh8 31. a4 (31. Bxa6 Ra8 $18) 31... Ra8 32. Rb2 Ra7 33. Bf3 g6 (33... Qe7 $142 34. Qd4 Rc8) 34. Rb4 Qe7 35. Qd2 {[%emt 0:01:30] Prevents Bh6.} Bg7 36. Qd3 Bf6 37. Rbb1 Qd7 38. Qc4 Re8 $2 (38... Qf7 39. a5 Qg7) 39. Re1 Kg7 40. Kf1 Raa8 $2 (40... h5 41. Re6 Qf7) 41. Rxe8 Rxe8 42. Qxa6 f4 43. Qb5 (43. gxf4 Qh3+ 44. Bg2 Qf5 $16) (43. Kg2 $142) 43... Qc8 (43... Qh3+ 44. Bg2 Qf5) 44. d6 (44. Kg2 $142) 44... cxd6 (44... Qh3+ {might work better.} 45. Bg2 Qf5) 45. cxd6 {[%emt 0:00:30][%cal Bc5d6,Bd6d7][%mdl 32] Threatens to win with d7.} Qh3+ 46. Bg2 Qe6 47. d7 (47. gxf4 Qxd6 48. Bf3 (48. Qxe8 Qd3+ 49. Qe2 Qxb1+ 50. Qe1 Qd3+ 51. Kg1 Qd4 $14) 48... Rf8 $16) 47... Rf8 48. Rd1 {[%emt 0:00:30] Inhibits Qd6. Black must now prevent a5.} (48. gxf4 Qd6 49. a5 Rd8 $18) 48... Bd8 49. a5 (49. Re1 $18 {is more deadly.} Qd6 50. Qd5) 49... f3 (49... fxg3 $16 {keeps fighting.} 50. hxg3 Qf6) 50. Bh1 {[%emt 0:00:00] Strongly threatening a6.} Rf5 51. Qb2+ Kh6 52. Qc1+ Kg7 53. Qc3+ Qf6 54. Qxf6+ Kxf6 {[%emt 0:01:23][%mdl 4096] Endgame KRB-KRB} 55. a6 {[%emt 0:00:30] Ra1 is the strong threat.} Ra5 {[%emt 0:00:00] Inhibits Ra1.} 56. Bxf3 Rxa6 57. Bg4 h5 58. Bh3 g5 59. Rd5 Ra1+ 60. Ke2 g4 61. Bg2 ({Much weaker is} 61. Rxh5 $6 Ra2+ 62. Ke3 Ra3+ 63. Kf4 Ra4+ 64. Ke3 Ra3+ 65. Kf4 Ra4+ 66. Ke3 Ra3+ $11) 61... Ra2+ 62. Rd2 Ra5 63. Bd5 Ke7 64. Bc6 Rc5 65. Be4 Rc4 (65... Ba5 $16 {was called for.}) 66. Ke3 Bc7 (66... Rc5 $16 67. f4 gxf3 68. Kxf3 (68. Bxf3 Bb6 $16) 68... Ba5) 67. Rd5 Bb6+ 68. Kf4 Bc7+ 69. Ke3 Bb6+ 70. Kd3 Ra4 71. Bf5 ({Stronger than} 71. Rxh5 Rd4+ 72. Kc3 Rxe4 $15) (71. Bg6 $18) 71... Ra2 $2 (71... Ra3+ $16 72. Kc4 Ra5) 72. Re5+ Kf7 (72... Kf8 $142 73. Re8+ Kg7) 73. Be6+ Kf6 74. Bxa2 {[%emt 0:00:30] Intending Re6+ and mate.} Kxe5 {[%emt 0:00:00] KB-KB} 75. Bf7 h4 76. gxh4 Kf6 77. Be8 Ke7 78. Ke2 Bc7 79. h5 Bf4 80. Kf1 {[%emt 0:00:30] Threatening mate with Kg2.} Bxh2 81. h6 Bf4 {[%emt 0:00:31] [#]} 82. h7 $1 Be5 83. Kg2 Kd8 84. Kf1 Ke7 $1 85. Ke2 {[%emt 0:00:00] White mates.} Kd8 86. Ke3 Ke7 87. Ke4 Bh8 88. Kf5 Bg7 89. Kxg4 Bh8 90. Kf5 Bg7 91. Kg6 Bd4 92. f4 {[%emt 0:00:00] Weighted Error Value: White=0.29 (precise) /Black=0.38} 1-0

[Event "5th Baskent University Open 2022"]
[Site "Ankara"]
[Date "2022.07.06"]
[Round "7.22"]
[White "Buke, Furkan"]
[Black "Saka, Omer"]
[Result "1/2-1/2"]
[ECO "B12"]
[WhiteElo "1979"]
[BlackElo "1832"]
[Annotator "TA"]
[PlyCount "142"]
[EventDate "2022.07.02"]
[EventType "swiss"]
[EventCountry "TUR"]
[SourceTitle "playchess.com"]
[Source "ChessBase"]
[SourceQuality "1"]
[TimeControl "5400+30"]

1. e4 c6 2. d4 d5 3. e5 c5 4. dxc5 e6 5. a3 a5 (5... Bxc5 $11 6. Qg4 Ne7) 6. Nf3 {[%emt 0:02:30] B12: Caro-Kann: Advance Variation.} (6. Bb5+ $6 Bd7 7. Nc3 Bxc5 $11) 6... Bxc5 7. Bd3 Nc6 8. O-O {[%emt 0:02:30] White is slightly better.} Nge7 9. Nc3 Ng6 10. Qe2 O-O 11. Nb5 {[%emt 0:03:30] [#]} f5 $146 (11... Bd7 $11) ({Predecessor:} 11... b6 12. c4 dxc4 13. Bxc4 Ba6 14. Bg5 Qb8 15. Rfe1 Bxb5 16. Bxb5 Nd4 17. Nxd4 Bxd4 {½-½ (69) Hjartarson,J (2525)-Sharapov,E (2380) Chess.com INT 2020}) 12. c4 $14 Nge7 13. Be3 d4 14. Bd2 {[%emt 0:04:30] White is much more active. The black rooks are badly placed.} a4 15. Rad1 Qb6 16. Nh4 ({White should play} 16. h4 $16) 16... Bd7 17. f4 Ng6 (17... Na5 $11) 18. Nf3 (18. Nxg6 $14 {was preferrable.} hxg6 19. Qe1) 18... Nce7 (18... Na5 $11 {should be considered.}) 19. Kh1 Bxb5 20. cxb5 Nd5 21. Ng5 (21. g3 $16) 21... h6 $11 22. Qh5 Nde7 (22... Nge7 $14 23. Nf3 Rad8) 23. Nf3 $18 Rf7 {[%emt 0:01:59] [#]} 24. g4 $1 Nf8 25. Rg1 Qd8 26. gxf5 (26. g5 $18 {has better winning chances.}) 26... Nxf5 $16 27. Qh3 (27. Rg2 $16) 27... Qd5 $11 28. Qg2 b6 29. Bxf5 (29. Qe2 $11) 29... exf5 $15 30. Be3 Ne6 {[%emt 0:02:10] Strongly threatening ...Rd8.} 31. Nxd4 Qxg2+ 32. Kxg2 Bxd4 33. Bxd4 Nxf4+ 34. Kf3 g5 35. Bxb6 Re8 36. Rge1 Ne6 (36... Rb7 $11 37. Rd6 Re6) 37. Bf2 $16 Kg7 38. b6 $36 {[%emt 0:00:14][%mdl 2048] Black is under strong pressure.} h5 39. Rd6 Kg6 40. Rc1 {[%emt 0:00:40] Black must now prevent Rcc6.} g4+ 41. Kg2 {[%emt 0:00:00] And now Rcc6 would win.} Kg5 $2 (41... f4 $16 {is a better defense.} 42. Rc4 Kf5) 42. h4+ $2 (42. Rcc6 $18 Rfe7 43. h4+ gxh3+ 44. Kxh3 Nf4+ 45. Kg3) 42... gxh3+ 43. Kxh3 {[%emt 0:01:00] Hoping for Rcc6.} Nf4+ $2 (43... f4 $16 {is tougher.}) 44. Kh2 $18 Kg4 45. Rc3 h4 {[%emt 0:00:31] Inhibits Rg3+.} 46. Rh6 Rxe5 47. Rxh4+ Kg5 48. Rxf4 $2 Kxf4 {[%emt 0:00:19][%mdl 4096] Endgame KRR-KRB} 49. Bg3+ Ke4 {[%emt 0:00:00] aiming for ...f4.} 50. Bxe5 Kxe5 $16 {[%emt 0:00:00] KR-KR} 51. Rc7 {[%emt 0:00:44] Against Rb7} Rf8 52. b7 {[%emt 0:00:30] Threatening mate with Rc8.} Rb8 53. Kg3 Kd6 {[%emt 0:00:32] Against Rd7+} 54. Rf7 Kc6 55. Kf4 ({Much weaker is} 55. Rxf5 $6 Rxb7 56. Rf2 Kd5 $11) 55... Rxb7 $2 (55... Rh8 $16 56. Rh7 (56. Kxf5 Rh5+ 57. Kg6 Rb5 $11) 56... Rf8) 56. Rxb7 Kxb7 57. Kxf5 {[%emt 0:00:30] KPP-KP} Kc6 58. Ke4 Kc5 {[%emt 0:00:30] [#]} 59. Kd3 $2 (59. Ke5 $1 {mates} Kc4 60. Kd6 Kd4 61. Kc6 Kc4 62. Kb6 Kd3 63. Kb5 Kd4 64. Kxa4) 59... Kd5 $11 {[%emt 0:00:30] The position is equal.} 60. Kc3 Kc5 61. Kd3 Kd5 62. Kc3 {[%emt 0:00:30] Intending Kb4 and mate.} Kc5 63. Kc2 {[%emt 0:00:30] White threatens Kc3 and mate.} Kc6 64. Kb1 Kc5 65. Kc1 Kd5 66. Kd1 Kc5 67. Ke2 Kc4 68. Kd2 Kd4 69. Kc2 Kc4 70. b4 {[%emt 0:00:30] Kc1 would kill now.} axb3+ 71. Kb2 Kd5 {[%emt 0:00:00] Black escapes into a draw.  Weighted Error Value: White=0.35/Black=0.51} 1/2-1/2

[Event "5th Baskent University Open 2022"]
[Site "Ankara"]
[Date "2022.07.06"]
[Round "7.23"]
[White "Gursu, Sungur"]
[Black "Yurtoglu, Osman Talha"]
[Result "0-1"]
[ECO "D00"]
[WhiteElo "1653"]
[BlackElo "1923"]
[Annotator "TA"]
[PlyCount "102"]
[EventDate "2022.07.02"]
[EventType "swiss"]
[EventCountry "TUR"]
[SourceTitle "playchess.com"]
[Source "ChessBase"]
[SourceQuality "1"]
[TimeControl "5400+30"]

1. d4 Nf6 2. f3 d5 3. e4 dxe4 4. Nc3 exf3 5. Nxf3 Bf5 6. Be3 {[%emt 0:04:30] D00: 1 d4 d5: Unusual lines.} e6 {[%emt 0:00:00] [#]} 7. a3 $146 ({Predecessor:} 7. Bd3 Bxd3 8. Qxd3 Bd6 9. O-O c6 10. Rae1 Qc7 11. Ne5 Nbd7 12. Bf4 Rd8 13. Qe2 Nxe5 14. dxe5 {0-1 (48) Nemtzev,I (2137)-Kowalski,I (2312) Chess.com INT 2019}) 7... Nbd7 8. Qd2 {[%emt 0:00:30] Black is better.} c6 9. Bd3 Bxd3 10. Qxd3 Bd6 11. O-O-O Qc7 12. Ng5 h6 13. Nge4 Bf4 14. Rhf1 Bxe3+ 15. Qxe3 O-O-O 16. Rd3 Kb8 (16... Qxh2 {is interesting.} 17. Qg3 Qxg3 18. Rxg3 Rhg8) 17. b4 (17. h3 $142) 17... Nxe4 (17... Qxh2 $142 18. Nxf6 Nxf6 19. Qe5+ Qxe5 20. dxe5 Rxd3 21. cxd3 Ng4 22. Rxf7 Nxe5 23. Rxg7 Rd8) 18. Nxe4 $17 Nb6 (18... Qxh2 $6 19. Rxf7 Qxg2 20. Nd6 $15) (18... Rhf8 $17 19. Qg3 f5) 19. Nc5 $11 {[%emt 0:05:30] Hoping for Qg3.} Rhe8 20. Qg3 $1 {[%emt 0:06:30] [#] aiming for Rxf7.} f6 21. Qxc7+ $1 Kxc7 22. Rg3 Re7 23. Rxg7 $1 {[%emt 0:00:00][%mdl 64] [#] Decoy} Rxg7 24. Nxe6+ Kd7 25. Nxg7 {[%emt 0:00:30][%mdl 4096] Endgame KRN-KRN} Rg8 26. Nh5 Rxg2 27. Nxf6+ Ke6 28. h4 Nc4 29. Ne4 Kd5 30. Nc5 (30. Nf6+ $11 Ke6 31. c3) 30... b6 (30... Kxd4 31. Rd1+ Ke5 32. Nxb7 $11) ({Better is} 30... Nxa3 $17 {Strongly threatening ...b6.} 31. Rf5+ Kxd4 32. Rf4+ Ke3 33. Re4+ Kf3) 31. Nb3 (31. Nd3 $15 Kxd4 32. Rf4+ Kd5 33. c3) 31... Nxa3 ({Black should try} 31... Ne3 $19 32. Rf6 Rxc2+ 33. Kb1 h5) 32. Kb2 $2 ({Wrong is} 32. Rf5+ $2 Ke4 33. Rf6 (33. Re5+ $2 Kf4 $19) 33... Rxc2+ 34. Kd1 Rh2 35. Rxh6 Nc4 36. Rxc6 Nb2+ 37. Ke1 Nd3+ 38. Kd1 Nxb4 $19) (32. Nd2 $1 $15) 32... Nc4+ $19 ({Not} 32... Nxc2 $2 33. Kc3) 33. Kb1 Na3+ 34. Kb2 $1 Nxc2 {[%emt 0:00:34] Threatens to win with ...Ne3+.} 35. Kc3 Ne3 {[%emt 0:00:14] Against Rf5+} 36. Rf7 (36. Ra1) 36... Nd1+ 37. Kd3 Nb2+ 38. Kc3 Na4+ 39. Kd3 Rg3+ 40. Kc2 Rc3+ 41. Kd2 Rxb3 42. Rxa7 Rxb4 {[%emt 0:00:00] KRN-KR} 43. Rd7+ Ke4 44. Rh7 Rb2+ 45. Kc1 Kd3 {[%emt 0:00:30] Black mates.} 46. Rg7 Re2 47. Rg3+ Re3 48. Rg1 Kc3 49. h5 b5 50. d5 cxd5 51. Kb1 b4 {[%emt 0:00:00] Weighted Error Value: White=0.64/Black=0.23 (precise)} 0-1

[Event "5th Baskent University Open 2022"]
[Site "Ankara"]
[Date "2022.07.06"]
[Round "7.24"]
[White "Ercan, Mehmet Fahri"]
[Black "Kocakaplan, Emre"]
[Result "1-0"]
[ECO "B33"]
[WhiteElo "1736"]
[BlackElo "1805"]
[Annotator "NA RC COMBH"]
[PlyCount "113"]
[EventDate "2022.07.02"]
[EventType "swiss"]
[EventCountry "TUR"]
[SourceTitle "playchess.com"]
[Source "ChessBase"]
[SourceQuality "1"]
[TimeControl "5400+30"]

1. e4 c5 2. Nf3 Nc6 3. d4 cxd4 4. Nxd4 Nf6 5. Nc3 e5 6. Ndb5 d6 7. Bg5 a6 8. Na3 b5 9. Bxf6 gxf6 10. Nd5 Bg7 11. Bd3 Ne7 12. Nxe7 Qxe7 13. O-O f5 14. c3 O-O 15. Nc2 Rb8 16. Qh5 fxe4 17. Bxe4 f5 18. Bd5+ Be6 19. Nb4 Bxd5 20. Nxd5 Qf7 21. Qd1 a5 22. Qb3 Rb7 23. Rad1 f4 24. f3 Rc8 25. Rd3 Rc5 26. Rfd1 h5 27. R1d2 Kh8 28. Qd1 Bf8 29. Qe1 Qf5 30. Qh4 b4 31. Qf6+ Qxf6 32. Nxf6 bxc3 33. bxc3 Rb1+ 34. Kf2 Be7 35. Ne4 Rc6 36. Rd5 Rh1 37. h3 Rb6 38. Rxa5 Bh4+ 39. Ke2 Re1+ 40. Kd3 Re3+ 41. Kc4 Be1 42. Rc2 Kg7 43. Ra7+ Kg6 44. a4 Kf5 45. a5 Rc6+ 46. Kd5 Rcxc3 47. Nxc3 Bxc3 48. Kxd6 Rd3+ 49. Kc6 Bd4 50. Rb7 Ra3 51. Rb5 Bc3 52. Kb6 Ke6 53. a6 Kd6 54. Rxc3 Rxc3 55. a7 Rc8 56. Kb7 Rc7+ 57. Kb8 1-0

[Event "5th Baskent University Open 2022"]
[Site "Ankara"]
[Date "2022.07.06"]
[Round "8.2"]
[White "Gunduz, Umut Erdem"]
[Black "Ozsoy, Alimert"]
[Result "1/2-1/2"]
[ECO "B67"]
[WhiteElo "2368"]
[BlackElo "2263"]
[Annotator "TA"]
[PlyCount "48"]
[EventDate "2022.07.02"]
[EventType "swiss"]
[EventCountry "TUR"]
[SourceTitle "playchess.com"]
[Source "ChessBase"]
[SourceQuality "1"]
[TimeControl "5400+30"]

1. e4 c5 2. Nf3 Nc6 3. d4 cxd4 4. Nxd4 Nf6 5. Nc3 d6 6. Bg5 e6 7. Qd2 a6 8. O-O-O Bd7 9. f4 Be7 10. Nxc6 Bxc6 11. Qe1 b5 12. e5 {[%emt 0:01:30] B67: Sicilian: Richter-Rauzer: 7...a6 8 0-0-0 Bd7, lines without 9 f4 Be7.} Nd5 13. Bxe7 Qxe7 14. Ne4 (14. Be2 $11) 14... dxe5 $15 15. fxe5 O-O 16. Bd3 Nf4 17. Rf1 Ng6 ({But not} 17... Nxg2 18. Qd2 $16) 18. Qg3 $1 {[%emt 0:03:30] [#] White got outplayed after the opening.  Weighted Error Value: White=0.13 (very precise) /Black=0.06 (flawless)} {Predecessor:} Qh4 $146 19. Qxh4 Nxh4 20. g3 Nf5 21. Rde1 Ra7 22. Ng5 h6 23. Bxf5 exf5 24. Nf3 Rc8 {0-1 (34) Gafner,E (2296)-Khismatullin,D (2662) Olginka 2011} 1/2-1/2

[Event "5th Baskent University Open 2022"]
[Site "Ankara"]
[Date "2022.07.06"]
[Round "8.3"]
[White "Eynullayev, Atilla"]
[Black "Annaberdiev, Meilis"]
[Result "0-1"]
[ECO "A53"]
[WhiteElo "2333"]
[BlackElo "2484"]
[Annotator "TA"]
[PlyCount "86"]
[EventDate "2022.07.02"]
[EventType "swiss"]
[EventCountry "TUR"]
[SourceTitle "playchess.com"]
[Source "ChessBase"]
[SourceQuality "1"]
[TimeControl "5400+30"]

1. d4 d6 2. c4 e5 3. Nc3 exd4 4. Qxd4 Nc6 5. Qd2 Nf6 6. e4 g6 7. Bd3 {[%emt 0:00:00] is the new trend. A53: Old Indian Defence without Nf3.} Bg7 8. Nge2 Ng4 {[%emt 0:08:30] [#]} 9. h3 $146 {[%emt 0:10:30] The position is equal.} ({Predecessor:} 9. O-O Qh4 10. h3 Nge5 11. f4 Nxd3 12. Qxd3 O-O 13. Be3 f5 14. Bf2 Qd8 15. exf5 Bxf5 {½-½ (69) Chan,R (2236)-Ibarra Jerez,J (2475) Chess.com INT 2016}) 9... Nge5 10. b3 a5 (10... O-O $1 $15 {is superior.}) 11. Bc2 $11 a4 12. Rb1 axb3 13. axb3 Nb4 14. O-O O-O 15. Bb2 c6 16. f4 (16. Nd1 $5 Nxc2 17. Qxc2 $11) 16... Nd7 17. Na4 Bxb2 18. Qxb4 Bf6 19. Qxd6 Be7 20. Qd1 Nc5 21. Nac3 Qb6 22. Qd4 Rd8 23. Qe3 Qb4 (23... Rd2 $11 24. Rb2 (24. Qxd2 $2 {perishes.} Nxe4+ 25. Qd4 Bc5 $19) 24... Qd8) 24. Kh1 $16 Ra3 25. Nc1 (25. Rfd1 $16) 25... Ne6 $1 $11 26. Rd1 $2 {[%emt 0:04:24] [#] Prevents Nd4. White is on the road to losing.} ({Better is} 26. N1e2 $11) 26... Rxd1+ $17 27. Nxd1 Bc5 {[%emt 0:00:30] Black is more active.} 28. Qc3 Nxf4 29. Nd3 Nxd3 30. Bxd3 Qxc3 31. Nxc3 Bd4 32. Ne2 Be5 33. Kg1 Ra2 {[%emt 0:01:30] [#] White must now prevent ...Rd2.} 34. Kf2 Bd4+ 35. Ke1 Be3 36. b4 Be6 37. c5 (37. Rd1 {was called for.}) 37... Kg7 38. e5 h5 39. h4 Kh6 40. Be4 Bc4 {[%emt 0:00:00] This bishop pair is nice.} 41. Bf3 g5 42. hxg5+ Kxg5 43. g3 Bd3 {[%emt 0:00:00] Weighted Error Value: White=0.24 (precise) /Black=0.12 (very precise)} 0-1

[Event "5th Baskent University Open 2022"]
[Site "Ankara"]
[Date "2022.07.06"]
[Round "8.4"]
[White "Caputcuoglu, Zeki Berke"]
[Black "Sevgi, Volkan"]
[Result "1/2-1/2"]
[ECO "C92"]
[WhiteElo "2203"]
[BlackElo "2305"]
[Annotator "TA"]
[PlyCount "25"]
[EventDate "2022.07.02"]
[EventType "swiss"]
[EventCountry "TUR"]
[SourceTitle "playchess.com"]
[Source "ChessBase"]
[SourceQuality "1"]
[TimeControl "5400+30"]

1. e4 e5 2. Nf3 Nc6 3. Bb5 a6 4. Ba4 Nf6 5. O-O b5 6. Bb3 Be7 7. c3 d6 8. Re1 O-O 9. h3 Re8 {[%emt 0:00:30] [#]} 10. Ng5 $146 ({Predecessor:} 10. d4 Bb7 11. Ng5 Rf8 12. Nf3 Re8 13. Ng5 Rf8 14. Nf3 Re8 {½-½ (14) Giri,A (2761)-Maghsoodloo,P (2699) Chess.com INT 2022}) 10... Rf8 11. Nf3 Re8 12. Ng5 {[%emt 0:00:00] 12.a3 gains popularity.} Rf8 13. Nf3 1/2-1/2

[Event "5th Baskent University Open 2022"]
[Site "Ankara"]
[Date "2022.07.06"]
[Round "8.5"]
[White "Unat, Can Haktan"]
[Black "Dedebas, Emre Emin"]
[Result "1/2-1/2"]
[ECO "C54"]
[WhiteElo "2242"]
[BlackElo "2321"]
[Annotator "TA"]
[PlyCount "52"]
[EventDate "2022.07.02"]
[EventType "swiss"]
[EventCountry "TUR"]
[SourceTitle "playchess.com"]
[Source "ChessBase"]
[SourceQuality "1"]
[TimeControl "5400+30"]

1. e4 e5 2. Nf3 Nc6 3. Bc4 Bc5 4. c3 Nf6 5. d4 exd4 6. cxd4 Bb4+ 7. Nbd2 {[%emt 0:01:00] C54: Giuoco Piano: 4 c3 Nf6, main lines with 5 d4 and 5 d3.} Nxe4 8. d5 {[%emt 0:00:30] [#] Hoping for 0-0.} Ne7 9. O-O {[%emt 0:00:30] The position is equal.} Nxd2 10. Bxd2 {[%emt 0:00:00] 10.Nxd2 is the hot move.} Bxd2 11. d6 cxd6 {[%emt 0:00:00][%cal Od6d5] [#] ...d5! is the strong threat.} 12. Qxd2 d5 13. Bxd5 O-O 14. Rfd1 Nxd5 15. Qxd5 d6 {[%emt 0:00:30] [#]} 16. b3 $146 ({Predecessor:} 16. Qxd6 Qxd6 17. Rxd6 Be6 18. a3 Rfd8 19. Rxd8+ Rxd8 20. Rc1 f6 21. h3 Rd7 22. Kf1 {0-1 (41) Simacek,P (2490)-Belyakov,B (2500) Pardubice 2019}) 16... h6 17. Rac1 Qb6 18. Nd4 ({White should play} 18. Qxd6 $11 Bg4 19. Qf4) 18... Bd7 19. Rc3 Rfe8 20. Rf3 Re7 21. h3 {[%emt 0:00:00] Against Bg4} Rae8 {[%emt 0:23:31] aiming for ...Qc5.} 22. Nf5 Bxf5 23. Rxf5 Qd8 24. Rd3 Qd7 25. Kh2 Re6 26. Rf4 Qc6 {[%emt 0:05:09] Weighted Error Value: White=0.09 (flawless) /Black=0.03 (flawless)} 1/2-1/2